 
                        
                    2230 views
Uploaded 2019-12-02 01:57:54
Game version 1.32.0.3 / 1.32.0.3.1
29:44 long 2on2 ladder game on (4)Avalanche_LV
Saved by BEARAND
                        
                         
                     
                        
                    2230 views
Uploaded 2019-12-02 01:57:54
Game version 1.32.0.3 / 1.32.0.3.1
29:44 long 2on2 ladder game on (4)Avalanche_LV
 
     
     
     
     
     
     
     
 
    
 
    
 
     
 44 units @ 4k
            
            
                44 units @ 4k  / 0.2k
 / 0.2k  160 buildings @ 14.1k
            
            
                160 buildings @ 14.1k  / 8.5k
 / 8.5k  
            
        


 
                         x1)
 x1) 
                             
                             
                         
                             
                             
                         
                            | Staff of Sanctuary | 4 | 1000 | 
| Mechanical Critter | 5 | 250 | 
| Potion of Mana | 1 | 200 | 
| Boots of Speed | 3 | 750 | 
| Staff of Teleportation | 5 | 750 | 
| Tome of Retraining | 1 | 300 | 
| Orb of Lightning | 3 | 1125 | 
| total: | 22 | 4375g | 
| Peasant | 17 | 1275 | / | 0 | 
| Priest | 3 | 405 | / | 30 | 
| Sorceress | 1 | 155 | / | 20 | 
| Gryphon Rider | 1 | 280 | / | 70 | 
| total: | 22 | 2115g | / | 120w | 
| Scout Tower | 61 | 1830 | / | 1220 | 
| Arcane Tower | 8 | 560 | / | 400 | 
| Guard Tower | 44 | 3080 | / | 2200 | 
| Altar of Kings | 1 | 180 | / | 50 | 
| Farm | 5 | 400 | / | 100 | 
| Lumber Mill | 1 | 120 | / | 0 | 
| Town Hall | 1 | 385 | / | 205 | 
| Arcane Vault | 5 | 650 | / | 150 | 
| Blacksmith | 1 | 140 | / | 60 | 
| Barracks | 2 | 320 | / | 120 | 
| Arcane Sanctum | 1 | 150 | / | 140 | 
| Gryphon Aviary | 2 | 280 | / | 300 | 
| Keep | 1 | 320 | / | 210 | 
| Castle | 1 | 360 | / | 210 | 
| total: | 80 | 4455g | / | 2345w | 
| 0:04 | Peasant | 
| 0:04 | Peasant | 
| 0:06 | Altar of Kings | 
| 0:21 | Farm | 
| 0:37 | Peasant | 
| 0:44 | Peasant | 
| 0:54 | Lumber Mill | 
| 0:59 | Farm | 
| 1:07 | Peasant | 
| 1:09 | Scout Tower | 
| 1:10 | Peasant | 
| 1:27 | Peasant | 
| 1:37 | Arcane Tower | 
| 1:40 | Scout Tower | 
| 1:46 | Peasant | 
| 1:51 | Peasant | 
| 2:04 | Scout Tower | 
| 2:05 | Summon Water Elemental | 
| 2:14 | Guard Tower | 
| 2:16 | Scout Tower | 
| 2:27 | Peasant | 
| 2:28 | Peasant | 
| 2:44 | Guard Tower | 
| 3:01 | Peasant | 
| 3:01 | Peasant | 
| 3:02 | Improved Masonry | 
| 3:18 | Guard Tower | 
| 3:19 | Scout Tower | 
| 3:20 | Scout Tower | 
| 3:24 | Brilliance Aura | 
| 4:39 | Keep | 
| 4:40 | Guard Tower | 
| 4:41 | Guard Tower | 
| 4:41 | Scout Tower | 
| 4:42 | Scout Tower | 
| 4:42 | Scout Tower | 
| 4:43 | Scout Tower | 
| 5:15 | Boots of Speed | 
| 5:15 | Staff of Teleportation | 
| 5:25 | Guard Tower | 
| 5:29 | Farm | 
| 5:29 | Farm | 
| 5:50 | Guard Tower | 
| 6:22 | Guard Tower | 
| 6:32 | Guard Tower | 
| 6:33 | Scout Tower | 
| 6:34 | Scout Tower | 
| 6:34 | Scout Tower | 
| 6:34 | Scout Tower | 
| 7:03 | Castle | 
| 7:03 | Advanced Masonry | 
| 7:04 | Improved Lumber Harvesting | 
| 7:16 | Guard Tower | 
| 7:42 | Guard Tower | 
| 7:45 | Arcane Sanctum | 
| 7:48 | Farm | 
| 7:58 | Storm Bolt | 
| 8:25 | Guard Tower | 
| 8:27 | Scout Tower | 
| 8:28 | Scout Tower | 
| 8:28 | Scout Tower | 
| 8:29 | Scout Tower | 
| 8:29 | Scout Tower | 
| 9:31 | Imbued Masonry | 
| 9:33 | Magic Sentry | 
| 9:34 | Priest | 
| 9:35 | Priest | 
| 10:00 | Peasant | 
| 10:00 | Peasant | 
| 10:00 | Peasant | 
| 10:00 | Peasant | 
| 10:18 | Town Hall | 
| 10:25 | Scout Tower | 
| 10:25 | Scout Tower | 
| 10:26 | Scout Tower | 
| 10:26 | Scout Tower | 
| 10:30 | Holy Light | 
| 10:51 | Arcane Vault | 
| 11:03 | Boots of Speed | 
| 11:03 | Staff of Teleportation | 
| 11:16 | Staff of Teleportation | 
| 11:16 | Staff of Teleportation | 
| 11:33 | Arcane Vault | 
| 11:39 | Guard Tower | 
| 11:41 | Arcane Tower | 
| 11:50 | Guard Tower | 
| 12:03 | Boots of Speed | 
| 12:09 | Arcane Vault | 
| 12:16 | Arcane Vault | 
| 12:23 | Arcane Tower | 
| 12:24 | Guard Tower | 
| 12:27 | Scout Tower | 
| 12:27 | Scout Tower | 
| 12:28 | Scout Tower | 
| 12:28 | Scout Tower | 
| 13:03 | Guard Tower | 
| 13:07 | Orb of Lightning | 
| 13:10 | Advanced Lumber Harvesting | 
| 13:20 | Staff of Sanctuary | 
| 13:20 | Staff of Sanctuary | 
| 13:28 | Arcane Vault | 
| 13:50 | Scout Tower | 
| 13:51 | Scout Tower | 
| 13:51 | Scout Tower | 
| 13:51 | Scout Tower | 
| 13:51 | Scout Tower | 
| 13:54 | Scout Tower | 
| 13:55 | Scout Tower | 
| 13:56 | Scout Tower | 
| 13:57 | Scout Tower | 
| 13:57 | Scout Tower | 
| 13:57 | Scout Tower | 
| 13:58 | Scout Tower | 
| 14:00 | Scout Tower | 
| 14:00 | Scout Tower | 
| 14:01 | Scout Tower | 
| 14:01 | Scout Tower | 
| 14:02 | Scout Tower | 
| 14:02 | Scout Tower | 
| 14:03 | Scout Tower | 
| 14:03 | Scout Tower | 
| 14:07 | Guard Tower | 
| 14:11 | Scout Tower | 
| 14:12 | Scout Tower | 
| 14:12 | Scout Tower | 
| 14:13 | Scout Tower | 
| 14:13 | Scout Tower | 
| 14:13 | Scout Tower | 
| 14:14 | Scout Tower | 
| 14:15 | Scout Tower | 
| 14:28 | Tome of Retraining | 
| 14:28 | Retrain Hero | 
| 14:30 | Blizzard | 
| 14:30 | Brilliance Aura | 
| 14:43 | Guard Tower | 
| 14:47 | Sorceress | 
| 14:48 | Sorceress Adept Training | 
| 14:54 | Guard Tower | 
| 14:57 | Guard Tower | 
| 14:58 | Guard Tower | 
| 15:05 | Guard Tower | 
| 15:13 | Guard Tower | 
| 15:23 | Staff of Sanctuary | 
| 15:37 | Orb of Lightning | 
| 15:37 | Orb of Lightning | 
| 15:41 | Guard Tower | 
| 15:49 | Guard Tower | 
| 16:00 | Staff of Teleportation | 
| 16:06 | Guard Tower | 
| 16:16 | Guard Tower | 
| 16:31 | Arcane Tower | 
| 16:36 | Arcane Tower | 
| 16:40 | Mechanical Critter | 
| 16:40 | Mechanical Critter | 
| 16:49 | Mechanical Critter | 
| 16:49 | Mechanical Critter | 
| 16:49 | Mechanical Critter | 
| 17:02 | Staff of Sanctuary | 
| 17:14 | Guard Tower | 
| 17:18 | Guard Tower | 
| 17:18 | Arcane Tower | 
| 17:27 | Gryphon Aviary | 
| 17:28 | Gryphon Aviary | 
| 18:17 | Guard Tower | 
| 19:02 | Guard Tower | 
| 19:16 | Guard Tower | 
| 19:20 | Blizzard | 
| 19:58 | Blacksmith | 
| 20:02 | Barracks | 
| 20:04 | Guard Tower | 
| 20:20 | Guard Tower | 
| 21:28 | Cloud | 
| 21:29 | Iron Forged Swords | 
| 21:29 | Studded Leather Armor | 
| 21:35 | Barracks | 
| 23:11 | Priest | 
| 23:16 | Priest Adept Training | 
| 23:42 | Bash | 
| 25:28 | Scout Tower | 
| 25:28 | Scout Tower | 
| 25:29 | Scout Tower | 
| 25:29 | Scout Tower | 
| 25:29 | Scout Tower | 
| 25:30 | Scout Tower | 
| 26:33 | Guard Tower | 
| 27:23 | Guard Tower | 
| 27:51 | Storm Hammers | 
| 27:52 | Steel Forged Swords | 
| 27:52 | Reinforced Leather Armor | 
| 28:12 | Guard Tower | 
| 29:04 | Potion of Mana | 
| 29:21 | Gryphon Rider | 
| Right click | 2770 | 
| Select | 899 | 
| Select group | 420 | 
| Build/train/purchase | 217 | 
| Use ability | 89 | 
| Chat | 63 | 
| Assign group | 29 | 
| Minimap ping | 14 | 
| Misc. action | 5 | 
| Item give/drop | 4 | 



 
                         
                             
                             
                         
                             
                             
                         
                             
                            | Healing Salve | 3 | 300 | 
| Lesser Clarity Potion | 2 | 140 | 
| Orb of Lightning | 2 | 750 | 
| Boots of Speed | 3 | 750 | 
| Staff of Teleportation | 3 | 450 | 
| Staff of Sanctuary | 3 | 750 | 
| Orb of Fire | 1 | 325 | 
| total: | 17 | 3465g | 
| Peon | 19 | 1425 | / | 0 | 
| Troll Witch Doctor | 2 | 290 | / | 50 | 
| Spirit Walker | 1 | 195 | / | 35 | 
| total: | 22 | 1910g | / | 85w | 
| Watch Tower | 67 | 7370 | / | 5360 | 
| Altar of Storms | 1 | 180 | / | 50 | 
| Orc Burrow | 6 | 960 | / | 240 | 
| War Mill | 1 | 205 | / | 0 | 
| Voodoo Lounge | 2 | 260 | / | 60 | 
| Great Hall | 1 | 385 | / | 185 | 
| Spirit Lodge | 1 | 150 | / | 150 | 
| Tauren Totem | 1 | 135 | / | 155 | 
| Stronghold | 1 | 315 | / | 190 | 
| Fortress | 1 | 325 | / | 190 | 
| total: | 80 | 9645g | / | 6200w | 
| 0:02 | Peon | 
| 0:02 | Peon | 
| 0:05 | Altar of Storms | 
| 0:18 | Orc Burrow | 
| 0:22 | Peon | 
| 0:33 | War Mill | 
| 0:46 | Peon | 
| 1:02 | Peon | 
| 1:17 | Voodoo Lounge | 
| 1:20 | Peon | 
| 1:21 | Peon | 
| 1:33 | Peon | 
| 1:45 | Watch Tower | 
| 2:04 | Orc Burrow | 
| 2:08 | Wind Walk | 
| 2:23 | Healing Salve | 
| 2:23 | Lesser Clarity Potion | 
| 2:26 | Peon | 
| 2:36 | Watch Tower | 
| 3:08 | Peon | 
| 3:09 | Peon | 
| 3:12 | Watch Tower | 
| 3:30 | Watch Tower | 
| 3:40 | Boots of Speed | 
| 4:12 | Stronghold | 
| 4:25 | Watch Tower | 
| 4:36 | Critical Strike | 
| 4:45 | Watch Tower | 
| 5:16 | Watch Tower | 
| 5:18 | Watch Tower | 
| 5:25 | Lesser Clarity Potion | 
| 5:28 | Healing Salve | 
| 5:32 | Watch Tower | 
| 5:34 | Watch Tower | 
| 5:49 | Watch Tower | 
| 6:05 | Staff of Teleportation | 
| 6:31 | Watch Tower | 
| 7:10 | Peon | 
| 7:10 | Peon | 
| 7:11 | Peon | 
| 7:22 | Watch Tower | 
| 7:44 | Orc Burrow | 
| 7:49 | Hex | 
| 8:24 | Fortress | 
| 8:27 | Watch Tower | 
| 9:29 | Watch Tower | 
| 9:31 | Watch Tower | 
| 9:59 | Great Hall | 
| 10:03 | Watch Tower | 
| 10:04 | Watch Tower | 
| 10:12 | Watch Tower | 
| 10:29 | Voodoo Lounge | 
| 10:36 | Watch Tower | 
| 10:39 | Boots of Speed | 
| 10:45 | Staff of Teleportation | 
| 11:08 | Watch Tower | 
| 11:11 | Reinforced Defenses | 
| 12:04 | Watch Tower | 
| 12:18 | Watch Tower | 
| 12:24 | Healing Wave | 
| 12:33 | Wind Walk | 
| 12:37 | Spiked Barricades | 
| 12:41 | Watch Tower | 
| 12:42 | Watch Tower | 
| 12:44 | Watch Tower | 
| 12:50 | War Stomp | 
| 13:05 | Peon | 
| 13:05 | Peon | 
| 13:05 | Peon | 
| 13:05 | Peon | 
| 13:08 | Watch Tower | 
| 13:19 | Boots of Speed | 
| 13:29 | Staff of Teleportation | 
| 13:38 | Watch Tower | 
| 13:47 | Watch Tower | 
| 13:59 | Improved Spiked Barricades | 
| 14:08 | Spirit Lodge | 
| 14:12 | Watch Tower | 
| 14:14 | Watch Tower | 
| 14:33 | Watch Tower | 
| 14:43 | Watch Tower | 
| 14:59 | Staff of Sanctuary | 
| 15:21 | Orb of Lightning | 
| 15:30 | Staff of Sanctuary | 
| 15:34 | Orb of Fire | 
| 15:41 | Watch Tower | 
| 15:43 | Watch Tower | 
| 15:45 | Watch Tower | 
| 15:54 | Watch Tower | 
| 15:56 | Watch Tower | 
| 16:03 | Watch Tower | 
| 16:06 | Watch Tower | 
| 16:09 | Watch Tower | 
| 16:34 | Witch Doctor Adept Training | 
| 16:58 | Watch Tower | 
| 17:31 | Watch Tower | 
| 18:12 | Watch Tower | 
| 18:23 | Orb of Lightning | 
| 18:24 | Healing Salve | 
| 18:35 | Witch Doctor Master Training | 
| 18:37 | Watch Tower | 
| 18:47 | Staff of Sanctuary | 
| 19:20 | Troll Witch Doctor | 
| 19:21 | Troll Witch Doctor | 
| 19:26 | Watch Tower | 
| 20:21 | Watch Tower | 
| 20:23 | Watch Tower | 
| 21:14 | Watch Tower | 
| 21:41 | Watch Tower | 
| 21:43 | Watch Tower | 
| 21:44 | Watch Tower | 
| 21:45 | Watch Tower | 
| 22:21 | Peon | 
| 22:47 | Watch Tower | 
| 22:50 | Watch Tower | 
| 22:51 | Watch Tower | 
| 23:16 | Tauren Totem | 
| 24:33 | Watch Tower | 
| 24:37 | Spirit Walker Adept Training | 
| 24:41 | Orc Burrow | 
| 24:42 | Watch Tower | 
| 25:05 | Endurance Aura | 
| 25:19 | Healing Wave | 
| 25:38 | Orc Burrow | 
| 25:56 | Watch Tower | 
| 26:00 | Watch Tower | 
| 26:01 | Watch Tower | 
| 26:12 | Spirit Walker | 
| 26:25 | Critical Strike | 
| 26:43 | Orc Burrow | 
| 27:18 | Watch Tower | 
| 27:19 | Watch Tower | 
| 27:21 | Watch Tower | 
| 27:23 | Watch Tower | 
| 28:22 | Watch Tower | 
| 28:29 | Watch Tower | 
| Right click | 2284 | 
| Select | 590 | 
| Select group | 376 | 
| Misc. action | 116 | 
| Build/train/purchase | 104 | 
| Use ability | 61 | 
| Assign group | 3 | 
| Item give/drop | 1 | 
| Minimap ping | 1 | 
 121 units @ 16.9k
            
            
                121 units @ 16.9k  / 3k
 / 3k  59 buildings @ 7.3k
            
            
                59 buildings @ 7.3k  / 3.4k
 / 3.4k  
            
        


 
                         
                             
                             
                         
                             
                             
                         
                            | Scroll of Regeneration | 3 | 300 | 
| Lesser Clarity Potion | 1 | 70 | 
| Potion of Healing | 1 | 150 | 
| Orb of Fire | 1 | 325 | 
| Scroll of Healing | 1 | 250 | 
| Potion of Lesser Invulnerability | 1 | 150 | 
| total: | 8 | 1245g | 
| Peasant | 16 | 1200 | / | 0 | 
| Footman | 5 | 675 | / | 0 | 
| Rifleman | 8 | 1640 | / | 240 | 
| Priest | 5 | 675 | / | 50 | 
| Sorceress | 2 | 310 | / | 40 | 
| Spell Breaker | 4 | 860 | / | 120 | 
| Siege Engine | 9 | 1755 | / | 540 | 
| Knight | 1 | 245 | / | 60 | 
| Mortar Team | 2 | 360 | / | 140 | 
| total: | 52 | 7720g | / | 1190w | 
| Scout Tower | 9 | 270 | / | 180 | 
| Arcane Tower | 2 | 140 | / | 100 | 
| Guard Tower | 5 | 350 | / | 250 | 
| Altar of Kings | 1 | 180 | / | 50 | 
| Farm | 13 | 1040 | / | 260 | 
| Barracks | 1 | 160 | / | 60 | 
| Blacksmith | 1 | 140 | / | 60 | 
| Arcane Vault | 1 | 130 | / | 30 | 
| Town Hall | 1 | 385 | / | 205 | 
| Lumber Mill | 1 | 120 | / | 0 | 
| Arcane Sanctum | 2 | 300 | / | 280 | 
| Workshop | 2 | 280 | / | 280 | 
| Keep | 1 | 320 | / | 210 | 
| Castle | 1 | 360 | / | 210 | 
| total: | 32 | 3005g | / | 1405w | 
| 0:03 | Peasant | 
| 0:10 | Altar of Kings | 
| 0:14 | Peasant | 
| 0:21 | Farm | 
| 0:26 | Barracks | 
| 0:30 | Peasant | 
| 0:47 | Peasant | 
| 0:51 | Peasant | 
| 1:11 | Farm | 
| 1:14 | Peasant | 
| 1:30 | Footman | 
| 1:40 | Farm | 
| 1:50 | Footman | 
| 1:55 | Blacksmith | 
| 1:59 | Peasant | 
| 2:07 | Footman | 
| 2:18 | Summon Water Elemental | 
| 2:45 | Footman | 
| 2:50 | Farm | 
| 2:56 | Farm | 
| 3:03 | Arcane Vault | 
| 3:26 | Rifleman | 
| 3:32 | Peasant | 
| 4:01 | Footman | 
| 4:12 | Scout Tower | 
| 4:22 | Scroll of Regeneration | 
| 4:24 | Lesser Clarity Potion | 
| 4:25 | Scroll of Regeneration | 
| 4:31 | Rifleman | 
| 4:39 | Arcane Tower | 
| 5:06 | Keep | 
| 5:29 | Rifleman | 
| 6:16 | Rifleman | 
| 6:19 | Brilliance Aura | 
| 6:27 | Town Hall | 
| 6:33 | Scout Tower | 
| 6:36 | Scout Tower | 
| 6:40 | Scout Tower | 
| 6:53 | Rifleman | 
| 7:01 | Scroll of Regeneration | 
| 7:09 | Arcane Tower | 
| 7:18 | Lumber Mill | 
| 7:36 | Long Rifles | 
| 7:53 | Summon Water Elemental | 
| 8:21 | Peasant | 
| 8:30 | Guard Tower | 
| 8:42 | Peasant | 
| 8:42 | Peasant | 
| 8:56 | Improved Lumber Harvesting | 
| 9:01 | Peasant | 
| 9:05 | Peasant | 
| 9:05 | Peasant | 
| 9:18 | Rifleman | 
| 9:51 | Arcane Sanctum | 
| 9:57 | Peasant | 
| 9:57 | Peasant | 
| 10:30 | Arcane Sanctum | 
| 10:34 | Farm | 
| 10:35 | Farm | 
| 10:39 | Farm | 
| 11:01 | Storm Bolt | 
| 11:21 | Priest | 
| 11:26 | Castle | 
| 11:28 | Rifleman | 
| 11:29 | Priest | 
| 11:31 | Black Gunpowder | 
| 11:34 | Farm | 
| 11:37 | Farm | 
| 11:48 | Scout Tower | 
| 11:51 | Scout Tower | 
| 11:53 | Scout Tower | 
| 12:03 | Rifleman | 
| 12:06 | Sorceress | 
| 12:29 | Guard Tower | 
| 12:33 | Improved Masonry | 
| 12:43 | Studded Leather Armor | 
| 12:49 | Sorceress Adept Training | 
| 12:52 | Priest Adept Training | 
| 13:23 | Guard Tower | 
| 13:51 | Potion of Lesser Invulnerability | 
| 13:56 | Scroll of Healing | 
| 14:11 | Priest Master Training | 
| 14:13 | Sorceress Master Training | 
| 14:17 | Refined Gunpowder | 
| 14:46 | Farm | 
| 14:47 | Farm | 
| 14:51 | Scout Tower | 
| 14:54 | Scout Tower | 
| 14:59 | Farm | 
| 15:04 | Holy Light | 
| 15:06 | Potion of Healing | 
| 15:06 | Orb of Fire | 
| 15:36 | Spell Breaker | 
| 15:38 | Spell Breaker | 
| 15:40 | Guard Tower | 
| 15:44 | Spell Breaker | 
| 15:46 | Animal War Training | 
| 16:12 | Imbued Gunpowder | 
| 16:41 | Spell Breaker | 
| 17:06 | Workshop | 
| 17:08 | Workshop | 
| 17:23 | Advanced Masonry | 
| 18:16 | Brilliance Aura | 
| 18:32 | Barrage | 
| 18:38 | Siege Engine | 
| 18:38 | Siege Engine | 
| 18:43 | Imbued Masonry | 
| 18:58 | Reinforced Leather Armor | 
| 19:52 | Siege Engine | 
| 19:53 | Siege Engine | 
| 21:18 | Siege Engine | 
| 21:18 | Siege Engine | 
| 21:40 | Siege Engine | 
| 21:40 | Siege Engine | 
| 21:48 | Iron Plating | 
| 21:58 | Sorceress | 
| 21:59 | Priest | 
| 22:25 | Siege Engine | 
| 22:58 | Fragmentation Shards | 
| 23:14 | Knight | 
| 23:20 | Steel Plating | 
| 23:23 | Priest | 
| 23:27 | Priest | 
| 23:40 | Mortar Team | 
| 24:29 | Mortar Team | 
| 24:36 | Bash | 
| Right click | 859 | 
| Select group | 383 | 
| Select | 345 | 
| Misc. action | 175 | 
| Build/train/purchase | 122 | 
| Assign group | 48 | 
| Resource trade | 27 | 
| Chat | 20 | 
| Use ability | 7 | 
| Item give/drop | 3 | 

 
                         
                             
                             
                             
                            | Lesser Clarity Potion | 1 | 70 | 
| Moonstone | 2 | 100 | 
| Scroll of Town Portal | 1 | 350 | 
| total: | 4 | 520g | 
| Wisp | 27 | 1620 | / | 0 | 
| Huntress | 7 | 1365 | / | 140 | 
| Dryad | 6 | 870 | / | 360 | 
| Hippogryph | 6 | 960 | / | 120 | 
| Archer | 6 | 780 | / | 60 | 
| Glaive Thrower | 17 | 3570 | / | 1105 | 
| total: | 69 | 9165g | / | 1785w | 
| Ancient Protector | 12 | 1620 | / | 960 | 
| Altar of Elders | 1 | 180 | / | 50 | 
| Moon Well | 7 | 1260 | / | 280 | 
| Ancient of War | 2 | 300 | / | 120 | 
| Hunter's Hall | 1 | 210 | / | 100 | 
| Ancient of Wonders | 1 | 90 | / | 30 | 
| Tree of Life | 1 | 340 | / | 185 | 
| Ancient of Lore | 1 | 155 | / | 145 | 
| Ancient of Wind | 1 | 150 | / | 140 | 
| Tree of Ages | 2 | 640 | / | 360 | 
| Tree of Eternity | 1 | 330 | / | 200 | 
| total: | 27 | 4305g | / | 2010w | 
| 0:02 | Wisp | 
| 0:02 | Wisp | 
| 0:10 | Altar of Elders | 
| 0:16 | Wisp | 
| 0:19 | Moon Well | 
| 0:25 | Wisp | 
| 0:51 | Wisp | 
| 1:13 | Ancient of War | 
| 1:20 | Wisp | 
| 1:28 | Wisp | 
| 1:42 | Hunter's Hall | 
| 1:44 | Wisp | 
| 1:57 | Moon Well | 
| 2:18 | Force of Nature | 
| 2:57 | Huntress | 
| 2:58 | Wisp | 
| 3:04 | Ancient of Wonders | 
| 3:24 | Huntress | 
| 3:27 | Ultravision | 
| 3:45 | Moon Well | 
| 3:55 | Entangling Roots | 
| 4:05 | Huntress | 
| 4:07 | Wisp | 
| 4:21 | Tree of Ages | 
| 4:38 | Huntress | 
| 4:50 | Moon Well | 
| 5:04 | Sentinel | 
| 5:07 | Strength of the Moon | 
| 6:17 | Lesser Clarity Potion | 
| 6:17 | Moonstone | 
| 6:19 | Huntress | 
| 6:25 | Moon Armor | 
| 6:28 | Huntress | 
| 6:55 | Moon Glaive | 
| 6:58 | Tree of Eternity | 
| 7:04 | Ancient of Lore | 
| 7:22 | Moon Well | 
| 7:26 | Entangling Roots | 
| 8:12 | Improved Strength of the Moon | 
| 8:18 | Abolish Magic | 
| 9:21 | Dryad | 
| 9:22 | Huntress | 
| 9:27 | Improved Bows | 
| 9:37 | Ancient of Wind | 
| 9:56 | Dryad | 
| 10:43 | Thorns Aura | 
| 10:45 | Hippogryph | 
| 10:45 | Hippogryph | 
| 10:46 | Archer | 
| 10:46 | Archer | 
| 10:48 | Dryad | 
| 11:00 | Scroll of Town Portal | 
| 11:07 | Marksmanship | 
| 11:14 | Wisp | 
| 11:14 | Wisp | 
| 11:14 | Wisp | 
| 11:34 | Dryad | 
| 11:37 | Strength of the Wild | 
| 11:38 | Wisp | 
| 11:45 | Wisp | 
| 12:04 | Hippogryph | 
| 12:05 | Archer | 
| 12:08 | Dryad | 
| 12:14 | Wisp | 
| 12:24 | Moon Well | 
| 12:55 | Tree of Life | 
| 13:17 | Well Spring | 
| 13:25 | Archer | 
| 13:26 | Hippogryph | 
| 13:40 | Dryad | 
| 14:20 | Reinforced Hides | 
| 14:49 | Archer | 
| 14:50 | Hippogryph | 
| 14:58 | Wisp | 
| 14:59 | Wisp | 
| 15:23 | Hippogryph | 
| 15:37 | Archer | 
| 16:00 | Vorpal Blades | 
| 16:21 | Advanced Strength of the Moon | 
| 16:26 | Wisp | 
| 16:30 | Nature's Blessing | 
| 16:51 | Ancient Protector | 
| 16:54 | Wisp | 
| 17:00 | Glaive Thrower | 
| 17:10 | Moon Well | 
| 17:21 | Ancient Protector | 
| 19:33 | Glaive Thrower | 
| 19:36 | Wisp | 
| 19:52 | Ancient of War | 
| 20:02 | Ancient Protector | 
| 20:06 | Wisp | 
| 20:06 | Wisp | 
| 20:23 | Glaive Thrower | 
| 20:40 | Wisp | 
| 20:40 | Wisp | 
| 20:44 | Glaive Thrower | 
| 20:46 | Improved Moon Armor | 
| 20:56 | Ancient Protector | 
| 21:03 | Ancient Protector | 
| 21:10 | Glaive Thrower | 
| 21:18 | Wisp | 
| 21:18 | Wisp | 
| 21:22 | Glaive Thrower | 
| 21:23 | Glaive Thrower | 
| 21:28 | Ancient Protector | 
| 21:38 | Ancient Protector | 
| 21:50 | Ancient Protector | 
| 21:56 | Ancient Protector | 
| 22:06 | Ancient Protector | 
| 22:33 | Entangling Roots | 
| 22:59 | Ancient Protector | 
| 23:02 | Ancient Protector | 
| 23:55 | Glaive Thrower | 
| 23:55 | Glaive Thrower | 
| 23:55 | Glaive Thrower | 
| 23:56 | Glaive Thrower | 
| 23:56 | Glaive Thrower | 
| 23:56 | Glaive Thrower | 
| 26:48 | Moonstone | 
| 28:07 | Glaive Thrower | 
| 28:07 | Glaive Thrower | 
| 28:08 | Glaive Thrower | 
| 28:08 | Glaive Thrower | 
| 28:35 | Tranquility | 
| Right click | 557 | 
| Select | 457 | 
| Select group | 234 | 
| Misc. action | 227 | 
| Build/train/purchase | 149 | 
| Use ability | 67 | 
| Assign group | 66 | 
| Esc | 6 | 
| Minimap ping | 4 | 
| Item give/drop | 1 | 
 
 
